 Dungeon Crawl Stone Soup version 0.25.1-8-g42b30a86e7 (webtiles) character file.

Game seed: 11302633133954275578

2974 Descartes the Covert (level 9, -2/46 HPs)
             Began as a Felid Monk on Dec 26, 2020.
             Slain by a gargoyle
             ... wielding a +0 mace
              (14 damage)
             ... on level 12 of the Dungeon on Dec 27, 2020.
             The game lasted 00:28:05 (15286 turns).

Descartes the Covert (Felid Monk)                  Turns: 15286, Time: 00:28:07

Health: -2/46      AC:  2    Str: 10      XL:     9   Next: 53%
Magic:  12/12      EV: 30    Int: 10 (11) God:
Gold:   345        SH:  0    Dex: 20      Spells: 8/8 levels left
                                        Lives:  0   Deaths: 3

rFire    . . .     SeeInvis +     - Unarmed
rCold    . . .     Gourm    .   (shield unavailable)
rNeg     . . .     Faith    .   (armour unavailable)
rPois    .         Spirit   .   (helmet unavailable)
rElec    .         Reflect  .   (cloak unavailable)
rCorr    .         Harm     .   (gloves unavailable)
MR       +....                  (boots unavailable)
Stlth    ++++++....             (no amulet)
HPRegen  0.15/turn              (no ring)
MPRegen  0.13/turn              (no ring)

@: hasted, very quick
A: very small, no armour, no weapons or thrown items, stealth, claws 1, fangs 3,
see invisible, blink, carnivore, deterioration 1, speed 1, low mp 1, shaggy fur
2, slow metabolism 1, sharp paws
a: Blink


You were on level 12 of the Dungeon.
You were not hungry.

You visited 2 branches of the dungeon, and saw 13 of its levels.

You collected 538 gold pieces.
You spent 193 gold pieces at shops.

Inventory:

Missiles
 e - 282 stones
 f - 158 arrows
Wands
 c - a wand of paralysis (8)
 t - a wand of acid (8)
 u - a wand of random effects (2)
 A - a wand of disintegration (5)
 B - a wand of polymorph (10)
Scrolls
 b - 2 scrolls of random uselessness {unknown}
 h - 4 scrolls of magic mapping
 i - a scroll of noise
 j - 7 scrolls of teleportation
 k - a scroll of identify
 l - 8 scrolls of remove curse
 n - 5 scrolls of enchant armour
 s - a scroll of amnesia {unknown}
 w - a scroll of fear {unknown}
 y - a scroll of enchant weapon {unknown}
Potions
 d - 6 potions of flight
 g - 3 potions of might
 m - 2 potions of invisibility
 p - 2 potions of curing
 q - 2 potions of stabbing
 r - 2 potions of cancellation
 v - 2 potions of lignification
 x - a potion of brilliance
Comestibles
 a - 21 rations
 C - a chunk of flesh


   Skills:
 + Level 9.9 Fighting
 + Level 12.5 Dodging
 + Level 13.1 Stealth
 + Level 9.9 Unarmed Combat
 - Level 5.0 Evocations


You had 8 spell levels left.
You didn't know any spells.
Your spell library contained the following spells:

 Spells                   Type           Power        Failure   Level  Hunger
 Beastly Appendage        Tmut           #.....       36%         1    ##.....
 Sticks to Snakes         Tmut           #.......     50%         2    ###....
 Confusing Touch          Hex            #.......     75%         3    ####...
 Gell's Gravitas          Tloc           #.........   75%         3    ####...
 Spider Form              Tmut/Pois      #.........   75%         3    ####...
 Ice Form                 Ice/Tmut       #.......     98%         4    #####..
 Petrify                  Tmut/Erth      #.......     98%         4    #####..
 Blade Hands              Tmut           #.........   100%        5    ######.
 Metabolic Englaciation   Hex/Ice        #.........   100%        5    ######.
 Yara's Violent Unravell  Hex/Tmut       #.........   100%        5    ######.


Dungeon Overview and Level Annotations

Branches:
Dungeon (12/15)            Temple (1/1) D:5            Lair (0/6) D:11
    Orc (0/2) D:12

Altars:
Ashenzari
Cheibriados
Dithmenos
Elyvilon
Fedhas
Gozag
Hepliaklqana
Kikubaaqudgha
Makhleb
Nemelex Xobeh
Okawaru
Qazlal
Ru
Sif Muna
Trog
Uskayaw
Vehumet
Wu Jian
Xom
Yredelemnul
Zin
The Shining One

Shops:
D:5 *   D:6 *

Portals:
Ice
Cave: D:12

Annotations:
D:4 1 runed translucent door
D:8 exclusion: 2 doors
D:9 exclusion: statue


Innate Abilities, Weirdness & Mutations

You cannot wear armour.
You are incapable of wielding weapons or throwing items.
Your paws allow you to move quietly. (Stealth)
You have sharp claws.
You have razor-sharp teeth.
You have supernaturally acute eyesight. (SInv)
You are carnivorous and can eat meat at any time.
You cover ground quickly.
You are covered in thick fur. (AC +2)
You have a slow metabolism.
Your sharp claws are effective at attacking unaware monsters.
You can translocate small distances at will.
Your body sometimes deteriorates upon taking damage.
Your magical capacity is low. (-10% MP)


Message History

You feel yourself speed up. The white imp gestures at you.
The puff of frost misses you. The white imp completely misses you. x2
You scratch the white imp.
You kill the white imp!
The gargoyle hits you with a +0 mace.
Your body deteriorates!
You feel dopey. The white imp gestures at you. The puff of frost misses you.
You claw the white imp!
The white imp is almost dead.
You hear the faint crackling of a melting archway.
You closely miss the white imp.
The white imp is almost dead.
The white imp misses you. The white imp gestures at you.
The puff of frost hits you!
* * * LOW HITPOINT WARNING * * *
The gargoyle hits you with a +0 mace!
You die...

*,,****,,,,,* ********
*,......#**,***,,,,,,*
*,,.....# *..,,,******
**,.∩...###.#**** *
*,,.h......* *
*,,55....#** ***** *
***#55...###***,,>***
#555.....,,,,,,,,*
#@55.....,,,,,,,,*
#95...###**,,,,,,*
#....## *,,,,,.#
#.#.## ******$#
#####.#.# *.#
#.....#.######## *.#
#.###..........#####.#
#.# #...######.......#
#.# #..%#* #..##..##


You could see a gargoyle, a hound and 10 white imps.

Vanquished Creatures
  A hydra (D:10)
  Erica (D:9)
  A two-headed ogre (D:12)
  An unseen horror (D:12)
  Pikel (D:4)
  2 gargoyles
  Prince Ribbit (D:4)
  2 dream sheep (D:8)
  A hippogriff (D:10)
  Sigmund (D:4)
  7 yaks
  A hungry ghost (D:10)
  Grum (D:8)
  A soldier ant (D:11)
  2 water moccasins
  Duvessa (D:6)
  3 black bears
  2 orc warriors (D:10)
  3 sky beasts
  4 slaves (D:4)
  3 ice beasts
  3 phantoms
  2 necrophages
  4 ogres
  3 wolves (D:8)
  3 centaurs
  2 big kobolds (D:8)
  6 bullfrogs
  A gnoll sergeant (D:8)
  Dowan (D:6)
  3 scorpions
  A wyvern skeleton (D:10)
  4 killer bees (D:9)
  3 centaur zombies
  5 crimson imps
  A hound (D:5)
  7 orc priests
  3 bullfrog skeletons
  5 jellies
  Crazy Yiuf (D:6)
  An iguana (D:8)
  6 worker ants
  Ijyb (D:4)
  Natasha (twice) (D:3)
  7 orc wizards
  3 hound skeletons
  4 worker ant zombies
  9 adders
  15 gnolls
  A shadow imp (D:6)
  2 white imps (D:12)
  An ooze (D:5)
  2 adder zombies
  An adder skeleton (D:6)
  3 worms
  3 dart slugs
  9 leopard geckos
  34 orcs
  2 ball pythons
  7 giant cockroaches
  13 goblins
  8 hobgoblins
  6 jackals
  5 quokkas
  A bat (D:3)
  3 frilled lizards
  A jackal zombie (D:8)
  8 kobolds
  A leopard gecko skeleton (D:5)
  A quokka zombie (D:6)
  9 rats
267 creatures vanquished.

Notes
Turn   | Place    | Note
-------+----------+-------------------------------------------
     0 | D:1      | Descartes the Felid Monk began the quest for the Orb.
     0 | D:1      | Reached XP level 1. HP: 10/10 MP: 2/2
   129 | D:1      | Reached skill level 3 in Stealth
   129 | D:1      | Reached XP level 2. HP: 13/14 MP: 3/3
   425 | D:1      | You fall into a shaft and drop 1 floor!
   560 | D:2      | Reached XP level 3. HP: 17/17 MP: 4/4
   634 | D:2      | Found a glowing silver altar of Zin.
  1300 | D:2      | Found a faded altar of an unknown god.
  1788 | D:3      | Found a white marble altar of Elyvilon.
  1808 | D:3      | Found a burning altar of Makhleb.
  1809 | D:3      | Found a shimmering altar of Xom.
  1811 | D:3      | Reached skill level 4 in Stealth
  1811 | D:3      | Reached XP level 4. HP: 21/21 MP: 5/5
  1876 | D:3      | Reached skill level 5 in Dodging
  2341 | D:3      | Noticed Natasha
  2346 | D:3      | Killed Natasha
  2346 | D:3      | Reached XP level 5. HP: 25/25 MP: 6/6
  2410 | D:3      | Reached skill level 9 in Stealth
  2410 | D:3      | Gained mutation: You are covered in thick fur. (AC +2)
                  | [Felid growth]
  2410 | D:3      | Reached XP level 6. HP: 8/33 MP: 7/7
  3002 | D:3      | Noticed Natasha
  3014 | D:3      | Killed Natasha
  3118 | D:4      | Noticed Sigmund
  3121 | D:4      | Killed Sigmund
  3121 | D:4      | Reached XP level 7. HP: 36/36 MP: 8/8
  3131 | D:4      | HP: 1/36 [orc priest/+0 short sword of flaming (2)]
  3133 | D:4      | Killed from afar by an orc priest
  3134 | D:4      | Reached XP level 6. HP: -10/33 MP: 7/7
  3499 | D:4      | Reached skill level 10 in Stealth
  3627 | D:4      | Found a glowing golden altar of the Shining One.
  3647 | D:4      | Noticed Ijyb
  3650 | D:4      | Paralysed by Ijyb for 6 turns
  3670 | D:4      | Killed Ijyb
  3920 | D:4      | Gained mutation: Your body sometimes deteriorates upon
                  | taking damage. [potion of mutation]
  3920 | D:4      | Gained mutation: Your magical capacity is low. (-10% MP)
                  | [potion of mutation]
  3920 | D:4      | Gained mutation: You can translocate small distances at
                  | will. [potion of mutation]
  3994 | D:4      | Found a sacrificial altar of Ru.
  4155 | D:4      | Found a white marble altar of Elyvilon.
  4155 | D:4      | Noticed an angel
  4160 | D:4      | Found a runed translucent door.
  4218 | D:5      | Entered Level 5 of the Dungeon
  4218 | D:5      | Found Ureihenkec's Assorted Antiques.
  4229 | D:5      | Reached XP level 7. HP: 34/36 MP: 7/7
  4241 | D:5      | Bought a scroll labeled HEIPIW INIC for 28 gold pieces
  4241 | D:5      | Bought a scroll labeled HEIPIW INIC for 28 gold pieces
  4241 | D:5      | Bought a brown potion for 25 gold pieces
  4438 | D:5      | Reached skill level 10 in Dodging
  4516 | D:5      | Found a staircase to the Ecumenical Temple.
  4526 | Temple   | Entered the Ecumenical Temple
  4605 | D:5      | Found a sparkling altar of Nemelex Xobeh.
  4678 | D:4      | Reached skill level 1 in Evocations
  4698 | D:4      | Reached XP level 8. HP: 30/40 MP: 8/8
  4773 | D:5      | Noticed Pikel
  5049 | D:5      | Noticed Prince Ribbit
  5695 | D:4      | Killed Pikel
  5902 | D:5      | Noticed a gargoyle
  6089 | D:4      | Killed Prince Ribbit
  6909 | D:6      | Found an opulent altar of Gozag.
  6909 | D:6      | Found Gozag's Platinum Reserve.
  6923 | D:6      | Noticed Dowan
  6924 | D:6      | Noticed Duvessa
  7349 | D:6      | Killed Duvessa
  7349 | D:6      | Reached XP level 9. HP: 37/44 MP: 10/10
  7383 | D:6      | Killed Dowan
  7736 | D:6      | Reached skill level 11 in Stealth
  7976 | D:6      | Noticed a +0 hand axe
  7977 | D:6      | Noticed a +0 dagger
  7980 | D:6      | Found a hide-covered altar of Uskayaw.
  8160 | D:6      | Found a runed translucent door.
  8161 | D:6      | Noticed Crazy Yiuf
  8311 | D:6      | Killed Crazy Yiuf
  8385 | D:7      | Found a bloodstained altar of Trog.
  9110 | D:5      | Found a staircase to the Ecumenical Temple.
  9130 | D:5      | Found a sparkling altar of Nemelex Xobeh.
  9442 | D:8      | Noticed Grum
  9728 | D:8      | Reached XP level 10. HP: 49/49 MP: 12/12
 10018 | D:7      | HP: 2/49 [yak (15)]
 10381 | D:8      | Noticed a three-headed hydra
 10971 | D:8      | Found a glowing silver altar of Zin.
 11044 | D:8      | Killed Grum
 11269 | D:9      | Found a snail-covered altar of Cheibriados.
 11821 | D:9      | Noticed Erica
 11824 | D:9      | Killed Erica
 11824 | D:9      | Reached skill level 12 in Stealth
 11824 | D:9      | Reached skill level 5 in Evocations
 11861 | D:9      | Found a radiant altar of Vehumet.
 12002 | D:5      | Killed a gargoyle
 12233 | D:5      | Found Ureihenkec's Assorted Antiques.
 12357 | D:5      | Bought a shiny wooden wand for 112 gold pieces
 12468 | D:10     | Entered Level 10 of the Dungeon
 13050 | D:10     | Reached XP level 11. HP: 45/53 MP: 14/14
 14237 | D:11     | Noticed a five-headed hydra
 14321 | D:10     | Killed a five-headed hydra
 14571 | D:11     | Noticed a white ugly thing
 15131 | D:11     | Found a staircase to the Lair.
 15167 | D:12     | Identified a scroll of acquirement
 15167 | D:12     | Acquired a manual of Air Magic
 15173 | D:12     | Noticed a two-headed ogre
 15173 | D:12     | Killed a two-headed ogre
 15179 | D:12     | Noticed a seven-headed hydra
 15205 | D:12     | Reached skill level 13 in Stealth
 15218 | D:12     | HP: 2/54 [gargoyle/stone arrow (27)]
 15231 | D:12     | Noticed a five-headed hydra
 15232 | D:12     | Killed from afar by an orc priest
 15233 | D:12     | Reached XP level 10. HP: -6/51 MP: 13/13
 15255 | D:12     | Noticed an unseen horror
 15265 | D:12     | Killed an unseen horror
 15267 | D:12     | Slain by a troll
 15268 | D:12     | Reached XP level 9. HP: -2/46 MP: 12/12
 15276 | D:12     | Found a frozen archway.
 15286 | D:12     | Slain by a gargoyle

Illustrated notes

Levels and vault maps discovered:
D:1:      lightli_arrival_windingriver, layout_rooms,
          chequers_serial_rivers_micro_b
D:2:      layout_loops_cross, first_ration, chequers_ecumenical_altar_island,
          nrook_mini_backslash, lemuel_altar_in_water
D:3:      layout_loops_corners, grunt_temple_overflow_champion_of_chaos,
          chequers_serial_rivers_micro_b, elyvilon_altar_4, uniq_natasha
D:4:      layout_loops_ring, tso_altar, nicolae_ru_the_path_less_chosen,
          lemuel_angel_altar, uniq_sigmund, uniq_ijyb
D:5:      layout_gridville, minmay_temple_entry_proselytizer, serial_shops,
          shop_fountains, nemelex_dance_club_becter, uniq_prince_ribbit1,
          uniq_pikel
D:6:      layout_basic, nicolae_gozag_zags_fifth_avenue,
          dancing_weapons_uskayaw, uniq_crazy_yiuf_cottage, uniq_duvessa
D:7:      layout_cave_pools, trog_ov_bears_minmay
D:8:      layout_loops_corners, kennysheep_mini, hangedman_ranch
          [blue_anna_fruit_fields], uniq_grum
D:9:      layout_loops_ring, vehumet_statue, cheibriados_altar_1, uniq_erica
D:10:     layout_stronghold, ldierk_geyser
D:11:     layout_loops_ring, dpeg_oklobed_lair, serial_shops, shop, uniq_snorg,
          uniq_fannar
D:12:     minmay_two_paths, layout_loops_ring, hiddenorc1_lemuel, enter_trove_0,
          portal_ice_cave_entry_imps, minivault_23, minivault_8
Temple:   nicolae_temple_x_marks_the_god

Skill      XL: |  1  2  3  4  5  6  7  8  9 10 11 |
---------------+----------------------------------+-----
Stealth        | 3 4 9 10 11 12 13 | 13.1
Dodging        | 5 9 10 11 12 | 12.5
Fighting       | 7 8 9 |  9.9
Unarmed Combat | 7 8 9 |  9.9
Evocations     | 1 2 4 5 |  5.0

Action                   |  1- 3 |  4- 6 |  7- 9 | 10-12 || total
-------------------------+-------+-------+-------+-------++-------
Melee: Unarmed           |   100 |   137 |   400 |   361 ||   998
       Bite              |     7 |    10 |    41 |    37 ||    95
       Punch             |     2 |     3 |    15 |    12 ||    32
Evoke: Wand              |       |       |     3 |    11 ||    14
  Use: Potion            |       |     5 |     2 |     4 ||    11
       Scroll            |       |     6 |     5 |     5 ||    16
 Stab: Sleeping          |    10 |    11 |    29 |    23 ||    73
       Distracted        |       |     1 |     1 |     3 ||     5
  Eat: Chunk             |     9 |    10 |     9 |    18 ||    46
Armor: Skin              |     2 |     6 |     7 |     9 ||    24
Dodge: Dodged            |    75 |   111 |   406 |   334 ||   926
